 Dungeon Crawl Stone Soup version 0.29.0-4-gdea44cf6ec (webtiles) character file.

Game seed: 5288747819707636852

1566 qw the Cleaver (level 8, -3/70 HPs)
             Began as a Minotaur Berserker on Sept 4, 2022.
             Was a Believer of Trog.
             Slain by a vampire (9 damage)
             ... on level 6 of the Dungeon.
             The game lasted 00:01:56 (6687 turns).

qw the Cleaver (Minotaur Berserker)                 Turns: 6687, Time: 00:01:57

Health: -3/70      AC: 10    Str: 24    XL:     8   Next: 59%
Magic:  7/7        EV: 16    Int: 10    God:    Trog [**....]
Gold:   318        SH:  0    Dex: 13    Spells: 7/7 levels left

rFire   . . .      SeeInvis .   Y - +1 hand axe
rCold   . . .      Faith    .   (no shield)
rNeg    + . .      Spirit   .   o - +3 ring mail
rPois   .          Reflect  .   b - +2 hat
rElec   .          Harm     .   (no cloak)
rCorr   .          Rampage  .   (no gloves)
Will    +....                   (no boots)
Stlth   +.........              m - amulet of the acrobat
HPRegen 0.21/turn               p - ring "Duatiph" {*Corrode rN+ Will+ EV+4 Dex+3}
MPRegen 0.10/turn               i - +6 ring of intelligence

@: no status effects
A: horns 2, retaliatory headbutt
a: Renounce Religion, Berserk, Trog's Hand


You were on level 6 of the Dungeon.
You worshipped Trog.
Trog was pleased with you.
You visited 1 branch of the dungeon, and saw 7 of its levels.

You collected 318 gold pieces.


Innate Abilities, Weirdness & Mutations

You have a pair of horns on your head.
You reflexively headbutt those who attack you in melee.


   Skills:
 + Level 6.2 Fighting
 - Level 12.0 Axes
 - Level 1.0 Throwing
 - Level 2.4 Armour
 - Level 3.1 Dodging


You had 7 spell levels left.
You didn't know any spells.
Your spell library was empty.

Inventory:

Hand Weapons
 f - a +1 vampiric whip
 Y - a +1 hand axe (weapon)
Missiles
 e - 4 boomerangs (quivered)
Armour
 b - a +2 hat (worn)
 o - a +3 ring mail (worn)
Jewellery
 c - a ring of ice
 i - a +6 ring of intelligence (right hand)
 m - an amulet of the acrobat (around neck)
 p - the ring "Duatiph" (left hand) {*Corrode rN+ Will+ EV+4 Dex+3}
   (You found it on level 4 of the Dungeon)

   [ring of evasion]

   EV:        It affects your evasion (+4).
   Dex:       It affects your dexterity (+3).
   rN:        It protects you from negative energy.
   *Corrode:  It may corrode you when you take damage.
   Will:      It increases your willpower.
Scrolls
 g - 3 scrolls of teleportation
 l - a scroll of identify
Potions
 d - a potion of might
 h - a potion of resistance
 j - a potion of heal wounds {unknown}
 n - a potion of cancellation {unknown}
 r - 3 potions of curing
 s - a potion of degeneration {unknown}

Dungeon Overview and Level Annotations

Branches:
Dungeon (7/15)             Temple (0/1) D:4

Altars:
Qazlal

Shops:
D:4 =

Annotations:
D:5 1 runed translucent door, Crazy Yiuf


Message History

You start resting.
Something hits you.
Deactivating autopickup; reactivate with Ctrl-A.
Something barely misses you.
You slash something! Your headbutt misses something.
You hit something but do no damage. Something hits you. Something bites you!
Something draws strength from your injuries!
You hit something but do no damage. Something barely misses you.
Something bites you but does no damage.
You closely miss something. Your punch misses something. You miss something.
Something hits you but does no damage. Something barely misses you.
You hit something but do no damage. Something barely misses you.
Something bites you!
Something draws strength from your injuries!
You hit something. You hit something but do no damage. Something hits you.
Something bites you but does no damage.
You barely miss something. Your headbutt misses something.
Something hits you but does no damage. Something bites you but does no damage.
You hit something but do no damage. You headbutt something.
You hear some strange, mumbled words.
Something tries to affect you, but you resist.
You hit something. Your headbutt misses something. You closely miss something.
You headbutt something. You punch something.
Something hits you but does no damage. Something bites you but does no damage.
You hit something. Something closely misses you. Something barely misses you.
You closely miss something. You hit something. Your headbutt misses something.
Something hits you! Something bites you.
Something draws strength from your injuries!
You closely miss something. Something hits you! Something bites you.
Something draws strength from your injuries!
You barely miss something. You barely miss something.
Your headbutt misses something. Something hits you! Something bites you!
You die...

#..#.........................####
'..#.........................#
####..........#####..........# #
########....#...#..........#
#......#....#...'..........#
#......#....#...#..........#
######..##....#####..........#
.#####..#....................#
.'...#..#.......@............#
.#...#..#......{.............#
.#...'..#....................#
.#...#..#....................#
.########....................#
############'#...............#
......#......#...............#
......'......######..........#
......#...........#..........#


There were no monsters in sight!

Vanquished Creatures
  Grinder (D:3)
  Prince Ribbit (D:5)
  A water moccasin (D:6)
  4 ogres
  A phantom (D:4)
  A bullfrog (D:7)
  2 scorpions (D:6)
  4 hounds
  2 orc priests (D:4)
  An iguana (D:5)
  An orc wizard (D:5)
  3 gnolls (D:2)
  11 adders
  15 dart slugs
  8 orcs
  A bat (D:3)
  2 endoplasms (D:1)
  A giant cockroach (D:1)
  5 goblins
  8 hobgoblins
  5 jackals
  4 kobolds
  2 quokkas (D:2)
  12 ball pythons
  A frilled lizard (D:1)
  8 rats
105 creatures vanquished.

Vanquished Creatures (others)
  2 plants (D:3)
2 creatures vanquished.

Grand Total: 107 creatures vanquished

Notes
Turn   | Place    | Note
-------+----------+-------------------------------------------
     0 | D:1      | qw the Minotaur Berserker began the quest for the Orb.
     0 | D:1      | Reached XP level 1. HP: 19/19 MP: 0/0
     0 | D:1      | 0 ||| qw: Version: 0.1-a-103-gd6f5d3a
     0 | D:1      | 0 ||| qw: Game counter: 5603
     0 | D:1      | 0 ||| qw: Always use a shield: true
     0 | D:1      | 0 ||| qw: Do Orc after D:15 true
     0 | D:1      | 0 ||| qw: Do second Lair branch before Depths: true
     0 | D:1      | 0 ||| qw: Lair rune preference: random
     0 | D:1      | 0 ||| qw: Plans: Normal
     0 | D:1      | 0 ||| PLANNING D:1-11
   225 | D:1      | 225 ||| Stepping ~*~*~tactically~*~*~ (stealth).
   231 | D:1      | Reached skill level 4 in Axes
   232 | D:1      | 232 ||| Stepping ~*~*~tactically~*~*~ (stealth).
   234 | D:1      | 234 ||| Stepping ~*~*~tactically~*~*~ (stealth).
   273 | D:1      | Reached XP level 2. HP: 22/26 MP: 1/1
   368 | D:1      | 368 ||| Stepping ~*~*~tactically~*~*~ (stealth).
   370 | D:1      | 370 ||| Stepping ~*~*~tactically~*~*~ (stealth).
   371 | D:1      | 371 ||| Stepping ~*~*~tactically~*~*~ (stealth).
   377 | D:1      | 377 ||| Stepping ~*~*~tactically~*~*~ (hiding).
   429 | D:1      | 429 ||| Stepping ~*~*~tactically~*~*~ (stealth).
   431 | D:1      | 431 ||| Stepping ~*~*~tactically~*~*~ (stealth).
   829 | D:1      | 829 ||| Stepping ~*~*~tactically~*~*~ (hiding).
   838 | D:1      | 838 ||| Stepping ~*~*~tactically~*~*~ (hiding).
   844 | D:1      | 844 ||| Stepping ~*~*~tactically~*~*~ (stealth).
   847 | D:1      | Reached skill level 5 in Axes
   856 | D:1      | 856 ||| Stepping ~*~*~tactically~*~*~ (stealth).
   864 | D:1      | 864 ||| Stepping ~*~*~tactically~*~*~ (stealth).
   865 | D:1      | 865 ||| Stepping ~*~*~tactically~*~*~ (stealth).
   869 | D:1      | Reached XP level 3. HP: 31/31 MP: 2/2
   914 | D:1      | Reached ** piety under Trog
  1100 | D:1      | 1100 ||| UPGRADING to +0 leather armour.
  1110 | D:1      | 1110 ||| DROPPING +0 animal skin.
  1111 | D:1      | 1111 ||| UPGRADING to +0 ring mail.
  1121 | D:1      | 1121 ||| DROPPING +0 leather armour.
  1122 | D:1      | 1122 ||| READING scroll labelled OSEOSHR RA LIO.
  1123 | D:1      | 1123 ||| READING scroll labelled XAORUA QEOTEO.
  1126 | D:1      | 1126 ||| READING 2 scrolls labelled JOSERU PAHIBLU.
  1127 | D:1      | 1127 ||| READING scroll labelled WESHRE KUNWOXT.
  1339 | D:2      | Found a faded altar of an unknown god.
  1381 | D:2      | 1381 ||| INVOKING Berserk.
  1392 | D:2      | Reached skill level 6 in Axes
  1392 | D:2      | Reached XP level 4. HP: 39/39 MP: 3/3
  1537 | D:2      | 1537 ||| DROPPING +0 club.
  1958 | D:2      | 1958 ||| UPGRADING to +2 hat.
  1963 | D:2      | 1963 ||| READING scroll labelled MOZUAL EL VYM.
  1964 | D:2      | 1964 ||| DRINKING 2 sedimented ruby potions.
  1992 | D:2      | 1992 ||| DROPPING potion of lignification.
  2077 | D:3      | Noticed Grinder
  2078 | D:3      | 2078 ||| Stepping ~*~*~tactically~*~*~ (hiding).
  2079 | D:3      | 2079 ||| Stepping ~*~*~tactically~*~*~ (hiding).
  2083 | D:3      | 2083 ||| INVOKING Trog's Hand.
  2084 | D:3      | 2084 ||| INVOKING Berserk.
  2090 | D:3      | Killed Grinder
  2091 | D:3      | Reached skill level 8 in Axes
  2091 | D:3      | Reached XP level 5. HP: 45/45 MP: 4/4
  2091 | D:3      | Reached XP level 6. HP: 51/51 MP: 5/5
  2331 | D:3      | 2331 ||| Stepping ~*~*~tactically~*~*~ (hiding).
  2462 | D:3      | 2462 ||| Stepping ~*~*~tactically~*~*~ (stealth).
  2463 | D:3      | 2463 ||| Stepping ~*~*~tactically~*~*~ (stealth).
  2464 | D:3      | 2464 ||| Stepping ~*~*~tactically~*~*~ (stealth).
  2469 | D:3      | Found a stormy altar of Qazlal.
  2510 | D:3      | Reached skill level 1 in Throwing
  2926 | D:3      | 2926 ||| UPGRADING to amulet of the acrobat.
  3069 | D:4      | Found Dossoa's Jewellery Shoppe.
  3080 | D:4      | 3080 ||| SHOPLISTING +4 ring of protection (468 gold, have
                  | 152).
  3080 | D:4      | 3080 ||| SHOPLISTING +6 ring of strength (468 gold, have
                  | 152).
  3080 | D:4      | 3080 ||| SHOPLISTING amulet of reflection (390 gold, have
                  | 152).
  3080 | D:4      | 3080 ||| SHOPLISTING ring "Doluysk" {Ice Int+3} (497 gold,
                  | have 152).
  3080 | D:4      | 3080 ||| SHOPLISTING ring of Ascent {Wiz Will+} (553 gold,
                  | have 152).
  3080 | D:4      | 3080 ||| SHOPLISTING ring of Fixept {Will+ Str+6} (579
                  | gold, have 152).
  3093 | D:4      | Identified the ring "Duatiph" {*Corrode rN+ Will+ EV+4
                  | Dex+3}
  3111 | D:4      | Found a staircase to the Ecumenical Temple.
  3223 | D:4      | 3223 ||| Stepping ~*~*~tactically~*~*~ (stealth).
  3618 | D:4      | Reached skill level 9 in Axes
  3661 | D:4      | 3661 ||| FLEEEEING.
  3662 | D:4      | 3662 ||| FLEEEEING.
  3663 | D:4      | 3663 ||| FLEEEEING.
  3664 | D:4      | 3664 ||| FLEEEEING.
  3665 | D:4      | 3665 ||| FLEEEEING.
  3666 | D:4      | 3666 ||| FLEEEEING.
  3667 | D:4      | 3667 ||| FLEEEEING.
  3668 | D:4      | 3668 ||| FLEEEEING.
  3669 | D:4      | 3669 ||| FLEEEEING.
  3670 | D:4      | 3670 ||| FLEEEEING.
  3671 | D:4      | 3671 ||| FLEEEEING.
  3676 | D:4      | 3676 ||| FLEEEEING.
  3677 | D:4      | 3677 ||| FLEEEEING.
  3678 | D:4      | 3678 ||| FLEEEEING.
  3679 | D:4      | 3679 ||| FLEEEEING.
  3680 | D:4      | 3680 ||| FLEEEEING.
  3681 | D:4      | 3681 ||| FLEEEEING.
  3682 | D:4      | 3682 ||| FLEEEEING.
  3683 | D:4      | 3683 ||| FLEEEEING.
  3685 | D:4      | 3685 ||| FLEEEEING.
  3688 | D:4      | 3688 ||| INVOKING Berserk.
  3864 | D:4      | 3864 ||| FLEEEEING.
  3865 | D:4      | 3865 ||| FLEEEEING.
  3866 | D:4      | 3866 ||| FLEEEEING.
  3867 | D:4      | 3867 ||| FLEEEEING.
  3868 | D:4      | 3868 ||| FLEEEEING.
  3869 | D:4      | 3869 ||| FLEEEEING.
  3870 | D:4      | 3870 ||| FLEEEEING.
  3871 | D:4      | 3871 ||| FLEEEEING.
  3872 | D:4      | 3872 ||| FLEEEEING.
  3873 | D:4      | 3873 ||| FLEEEEING.
  3874 | D:4      | 3874 ||| FLEEEEING.
  3875 | D:4      | 3875 ||| FLEEEEING.
  3877 | D:4      | 3877 ||| FLEEEEING.
  3878 | D:4      | 3878 ||| FLEEEEING.
  3879 | D:4      | 3879 ||| FLEEEEING.
  3880 | D:4      | 3880 ||| FLEEEEING.
  3881 | D:4      | 3881 ||| FLEEEEING.
  3882 | D:4      | 3882 ||| FLEEEEING.
  3883 | D:4      | 3883 ||| FLEEEEING.
  3884 | D:4      | 3884 ||| FLEEEEING.
  3885 | D:4      | 3885 ||| FLEEEEING.
  3886 | D:4      | 3886 ||| FLEEEEING.
  3887 | D:4      | 3887 ||| FLEEEEING.
  3889 | D:4      | 3889 ||| INVOKING Berserk.
  3892 | D:4      | Reached XP level 7. HP: 34/60 MP: 6/6
  4497 | D:4      | 4497 ||| UPGRADING to +3 ring mail.
  4507 | D:4      | 4507 ||| DROPPING +0 ring mail.
  4508 | D:4      | 4508 ||| UPGRADING to ring "Duatiph" {*Corrode rN+ Will+
                  | EV+4 Dex+3}.
  4509 | D:4      | 4509 ||| READING 3 scrolls labelled URIOPN PIMUMN.
  4510 | D:4      | 4510 ||| DRINKING 2 dark potions.
  4511 | D:4      | 4511 ||| DRINKING 2 bubbling grey potions.
  4512 | D:4      | 4512 ||| READING 2 scrolls of identify.
  4512 | D:4      | 4512 ||| IDENTIFYING bubbling orange potion
  4513 | D:4      | 4513 ||| DROPPING potion of flight.
  4514 | D:4      | 4514 ||| DROPPING potion of invisibility.
  4515 | D:4      | 4515 ||| DROPPING 2 scrolls of noise.
  4565 | D:4      | 4565 ||| READING 3 scrolls of teleportation.
  4566 | D:4      | 4566 ||| STAIRDANCE
  4620 | D:5      | Entered Level 5 of the Dungeon
  4654 | D:5      | 4654 ||| INVOKING Berserk.
  4843 | D:5      | Noticed Prince Ribbit
  4846 | D:5      | 4846 ||| INVOKING Berserk.
  4856 | D:5      | Killed Prince Ribbit
  4857 | D:5      | Reached skill level 10 in Axes
  4992 | D:5      | 4992 ||| Stepping ~*~*~tactically~*~*~ (stealth).
  4993 | D:5      | 4993 ||| Stepping ~*~*~tactically~*~*~ (stealth).
  5201 | D:5      | 5201 ||| Stepping ~*~*~tactically~*~*~ (stealth).
  5209 | D:5      | Reached XP level 8. HP: 56/70 MP: 7/7
  5233 | D:5      | 5233 ||| Stepping ~*~*~tactically~*~*~ (stealth).
  5241 | D:5      | Reached skill level 3 in Dodging
  5371 | D:5      | Found a runed translucent door.
  5372 | D:5      | Noticed Crazy Yiuf
  5407 | D:5      | Reached *** piety under Trog
  5535 | D:5      | 5535 ||| UPGRADING to +6 ring of intelligence.
  5536 | D:5      | 5536 ||| READING scroll labelled QANODU ETAE.
  5537 | D:5      | 5537 ||| DRINKING 2 fizzy pink potions.
  5538 | D:5      | 5538 ||| DRINKING 2 inky potions.
  5539 | D:5      | 5539 ||| READING 2 scrolls of identify.
  5539 | D:5      | 5539 ||| IDENTIFYING cyan potion
  5540 | D:5      | 5540 ||| DROPPING potion of brilliance.
  5574 | D:6      | Reached skill level 6 in Fighting
  5838 | D:6      | 5838 ||| INVOKING Berserk.
  5840 | D:6      | Reached skill level 11 in Axes
  6357 | D:6      | 6357 ||| INVOKING Berserk.
  6623 | D:7      | Reached skill level 12 in Axes
  6623 | D:7      | 6623 ||| FLEEEEING.
  6624 | D:7      | 6624 ||| FLEEEEING.
  6625 | D:7      | 6625 ||| FLEEEEING.
  6626 | D:7      | 6626 ||| FLEEEEING.
  6627 | D:7      | 6627 ||| FLEEEEING.
  6631 | D:7      | 6631 ||| FLEEEEING.
  6632 | D:7      | 6632 ||| FLEEEEING.
  6633 | D:7      | 6633 ||| FLEEEEING.
  6634 | D:7      | 6634 ||| STAIRDANCE
  6667 | D:7      | 6667 ||| STAIRDANCE
  6685 | D:6      | HP: 16/70 [something (8)]
  6687 | D:6      | HP: 6/70 [something (7)]
  6687 | D:6      | Slain by a vampire

Levels and vault maps discovered:
D:1:      tarquinn_simple_flora_water_d, layout_loops_cross
D:2:      layout_basic, dreamdust_ecumenical_altar_hidden_monk_grotto,
          minmay_pentomino_v4
D:3:      layout_loops_ring, nicolae_qazlal_general_emergency,
          minmay_shallow_snake_nest, uniq_grinder
D:4:      kennysheep_slugbush, layout_layer_cave, minmay_temple_entry_fiery,
          minivault_23, eino_small_chamber_without_monster,
          hangedman_decor_push, hangedman_decor_clover_reticule,
          grunt_ministairs_8, nicolae_stop_n_shop_1, kennysheep_another_room
D:5:      layout_basic, uniq_prince_ribbit1, uniq_crazy_yiuf_cottage
D:6:      layout_gridville, minmay_misc_feat_alley
D:7:      layout_loops_corners, chequers_serial_rivers_room_a, dk_noncrumbling_3

Skill      XL: |  1  2  3  4  5  6  7  8 |
---------------+-------------------------+-----
Axes           | 4 5 6 8 9 10 12 | 12.0
Throwing       | 1 |  1.0
Fighting       | 4 5 6 |  6.2
Dodging        | 3 |  3.1
Armour         | |  2.4

Action                   |  1- 3 |  4- 6 |  7- 9 || total
-------------------------+-------+-------+-------++-------
Melee: Hand axe          |    65 |   104 |    92 ||   261
       Headbutt          |    12 |    14 |    20 ||    46
       Punch             |       |       |     1 ||     1
Throw: Boomerang         |       |    37 |    28 ||    65
Invok: Berserk           |     1 |     3 |     4 ||     8
       Trog's Hand       |       |     1 |       ||     1
  Use: Scroll            |     4 |     1 |     5 ||    10
       Potion            |       |     1 |     4 ||     5
Armor: Animal skin       |     2 |       |       ||     2
       Ring mail         |     3 |    37 |    23 ||    63
Dodge: Dodged            |    24 |    91 |    46 ||   161

Table legend:
 A = Non-vault XP
 B = Vault XP
 C = Vault XP percentage of total XP
 D = Non-vault monster count
 E = Vault monster count
 F = Vault count percentage of total count
                 A         B        C        D         E       F
            +---------+---------+-------+---------+---------+-------
      Total |    1486 |     752 |  33.6 |      79 |      26 |  24.8
            +---------+---------+-------+---------+---------+-------
        D:1 |      48 |       0 |   0.0 |      24 |       0 |   0.0
        D:2 |      88 |       5 |   5.4 |      15 |       4 |  21.1
        D:3 |      51 |     305 |  85.7 |      10 |       6 |  37.5
        D:4 |     151 |     168 |  52.7 |       9 |      15 |  62.5
        D:5 |     455 |     274 |  37.6 |      13 |       1 |   7.1
        D:6 |     605 |       0 |   0.0 |       7 |       0 |   0.0
        D:7 |      88 |       0 |   0.0 |       1 |       0 |   0.0
            +---------+---------+-------+---------+---------+-------
